 Dungeon Crawl Stone Soup version 0.31.0-12-g77e489cdc1 (webtiles) character file.

Game seed: 11360862924757965741

595 spaghetti the Fighter (level 7, -3/50 HPs)
             Began as a Tengu Chaos Knight on Mar 2, 2024.
             Was a Plaything of Xom.
             Slain by a soul eater (12 damage)
             ... summoned by Xom
             ... on level 3 of the Dungeon.
             The game lasted 00:03:51 (3008 turns).

spaghetti the Fighter (Tengu Chaos Knight)          Turns: 3008, Time: 00:03:51

Health: -3/50      AC:  5    Str: 12    XL:     7   Next: 40%
Magic:  8/8        EV: 30    Int: 13    God:    Xom [......]
Gold:   136        SH:  0    Dex: 15    Spells: 6/6 levels left

rFire   . . .        c - +0 short sword (venom)
rCold   . . .        (no shield)
rNeg    . . .        a - +2 leather armour
rPois   .            (helmet restricted)
rElec   .            (no cloak)
rCorr   .            (no gloves)
SInv    .            (boots unavailable)
Will    .....        (no amulet)
Stlth   +            (no ring)
HPRegen 0.28/turn    (no ring)
MPRegen 0.11/turn

%: acrobat, clarity
@: acrobatic, flying
A: beak, talons 3, evasive flight, acrobatic, clarity, sense surroundings 1,
MP-powered wands
a: Renounce Religion


You were on level 3 of the Dungeon.
You worshipped Xom.
You were a very special plaything of Xom.
You visited 1 branch of the dungeon, and saw 4 of its levels.

You collected 136 gold pieces.

Inventory:

Hand Weapons
 c - a +0 short sword of venom (weapon)
 n - the +8 mace "Duhiehoabi" {flame, rElec Will+ Int+2}
   (You took it off an orc on level 3 of the Dungeon)

   Int+2:     It affects your intelligence (+2).
   rElec:     It insulates you from electricity.
   Will+:     It increases your willpower.
Armour
 a - a +2 leather armour (worn)
 p - the +4 scale mail of Midsummer {Int+3}
   (You took it off an orc on level 3 of the Dungeon)

   Int+3:     It affects your intelligence (+3).
Wands
 e - a wand of polymorph (6)
 r - a wand of mindburst (10)
Scrolls
 b - a scroll of butterflies
 d - a scroll of poison {unknown}
 f - 3 scrolls of silence {unknown}
 g - 5 scrolls of identify {unknown}
 h - a scroll of revelation {unknown}
 j - 2 scrolls of enchant armour {unknown}
 l - 2 scrolls of fear {unknown}
 m - 2 scrolls of teleportation {unknown}
 o - a scroll of brand weapon {unknown}
 s - a scroll of amnesia {unknown}
Potions
 i - a potion of curing
 k - 2 potions of heal wounds


   Skills:
 + Level 8.3 Fighting
 - Level 2.1 Armour
 - Level 1.1 Dodging
 - Level 3.2 Unarmed Combat


You had 6 spell levels left.
You didn't know any spells.
Your spell library was empty.

Dungeon Overview and Level Annotations

Branches:
Dungeon (4/15)
 Temple: D:4-7

Altars:
Okawaru


Innate Abilities, Weirdness & Mutations

You have a beak for a mouth.
You have claws for feet.
Your magical flight helps you evade attacks. (EV +4)
You can magically evade attacks while moving or waiting.
You possess an exceptional clarity of mind.
You passively map a small area around you.
You expend magic power (3 MP) to strengthen your wands.


Message History

The shadow imp hits you but does no damage.
You closely miss the shadow imp.
The shadow imp hits you but does no damage.
You barely miss the shadow imp. The shadow imp hits you.
* * * LOW HITPOINT WARNING * * *
You hit the shadow imp.
The shadow imp is poisoned.
The shadow imp is lightly wounded.
The shadow imp hits you but does no damage.
You barely miss the shadow imp.
The shadow imp is moderately wounded.
The shadow imp hits you but does no damage.
You hit the shadow imp.
The shadow imp looks as sick as possible!
The shadow imp is severely wounded.
The shadow imp shouts, "Scamper away, thou frothy onion-eyed bugbear!"
The shadow imp hits you but does no damage.
You hit the shadow imp.
You kill the shadow imp!
The shadow imp disappears in a puff of smoke!
You swing at nothing.
You start resting.
Your transformation is almost over.
You feel less wooden.
Your +2 leather armour unmelds from your body.
You start resting. "You have grown too confident for your meagre worth."
Your body is wracked with pain!
* * * LOW HITPOINT WARNING * * *
Things that are here:
a +0 morningstar; a +0 ring mail
Things that are here:
a +0 short sword; the +8 mace "Duhiehoabi" {flame, rElec Will+ Int+2}; the +4 scale mail of Midsummer {Int+3}
Things that are here:
a +0 short sword; the +8 mace "Duhiehoabi" {flame, rElec Will+ Int+2}; the +4 scale mail of Midsummer {Int+3}
n - the +8 mace "Duhiehoabi" {flame, rElec Will+ Int+2}
p - the +4 scale mail of Midsummer {Int+3} "Fight to survive, mortal."
There are monsters nearby!
The soul eater hits you!
You die...

...## ##...##.......# #..#
#...#. ...### #............#
##.# ##.... #....#
###..........# #.# #...#
####.# #..........# #.##
##..# #.#####..........#
##..# ##.#
#.......#.......## #...#
##.. ####.#####.....##
##.#.####...
##.##############.......#..#
#.........3@).5.............
#################...........
#...........#.
##.#........#..
#..#..........#
#######o#...####.#.##
#.........#####.>..#
########.###.....# #...###
#......)...o.....# #####


You could see a soul eater (summoned) and a crimson imp (summoned).

Vanquished Creatures
  The ghost of lordive the Insei, an amateur OpSh (D:3)
  An ogre (D:4)
  A black bear (D:3)
  A jelly (D:4)
  An orc priest (D:3)
  4 orc wizards
  5 adders
  3 dart slugs
  11 orcs
  6 ball pythons
  11 endoplasms
  2 giant cockroaches
  5 goblins
  6 hobgoblins
  5 jackals (D:1)
  3 quokkas
  A bat (D:2)
  5 frilled lizards
  7 kobolds
  6 rats
85 creatures vanquished.

Vanquished Creatures (others)
  An orc (D:4)
1 creature vanquished.

Grand Total: 86 creatures vanquished

Notes
Turn   | Place    | Note
-------+----------+-------------------------------------------
     0 | D:1      | spaghetti the Tengu Chaos Knight began the quest for the
                  | Orb.
     0 | D:1      | Reached XP level 1. HP: 14/14 MP: 2/2
   148 | D:1      | Reached XP level 2. HP: 18/19 MP: 3/3
   492 | D:1      | XOM: silly message
   582 | D:1      | Reached skill level 4 in Fighting
   634 | D:1      | XOM: divination: detect creatures
   691 | D:1      | Reached XP level 3. HP: 24/24 MP: 4/4
   816 | D:2      | XOM: divination: detect items
   893 | D:2      | Found an iron altar of Okawaru.
  1031 | D:2      | XOM is BORED!
  1336 | D:2      | Reached XP level 4. HP: 30/30 MP: 5/5
  1409 | D:2      | You fall into a shaft and drop 2 floors!
  1427 | D:4      | XOM: silly message
  1489 | D:4      | XOM: enchant monster (good)
  1492 | D:4      | Reached skill level 5 in Fighting
  1504 | D:4      | Reached XP level 5. HP: 28/35 MP: 6/6
  1613 | D:4      | XOM: smoke on damage
  1618 | D:4      | Reached skill level 6 in Fighting
  1960 | D:4      | Noticed an ogre
  1976 | D:4      | XOM: divination: magic mapping
  2048 | D:3      | XOM: divination: magic mapping
  2153 | D:3      | Reached XP level 6. HP: 26/42 MP: 7/7
  2258 | D:3      | XOM: smoke on damage
  2427 | D:3      | XOM: 6-stop teleportation journey
  2513 | D:3      | Reached skill level 7 in Fighting
  2554 | D:3      | Noticed a black bear
  2559 | D:3      | Killed a black bear
  2663 | D:3      | Found a runed translucent gate.
  2664 | D:3      | Found a runed translucent gate.
  2666 | D:3      | Found a runed translucent gate.
  2667 | D:3      | Noticed lordive's ghost (amateur OpSh)
  2670 | D:3      | Identified the +8 mace "Duhiehoabi" {flame, rElec Will+
                  | Int+2}
  2670 | D:3      | Identified the +4 scale mail of Midsummer {Int+3}
  2853 | D:4      | Gained mutation: Your magical flight helps you evade
                  | attacks. (EV +4) [Tengu growth]
  2853 | D:4      | Reached XP level 7. HP: 35/48 MP: 8/8
  2938 | D:3      | XOM: blink monster(s)
  2952 | D:3      | XOM: summons 1 hostile demon
  2953 | D:3      | Gained mutation: You expend magic power (3 MP) to
                  | strengthen your wands. [potion of mutation]
  2953 | D:3      | Gained mutation: You passively map a small area around you.
                  | [potion of mutation]
  2953 | D:3      | Gained mutation: You possess an exceptional clarity of
                  | mind. [potion of mutation]
  2968 | D:3      | Killed lordive's ghost
  2969 | D:3      | Reached skill level 8 in Fighting
  3001 | D:3      | XOM: torment (7/50 hp)
  3007 | D:3      | XOM: summons 2 hostile demons
  3008 | D:3      | Noticed a soul eater
  3008 | D:3      | Slain by a soul eater

Illustrated notes

Levels and vault maps discovered:
D:1:      shiori_shiawase, layout_loops_ring
D:2:      layout_basic, serial_curves, eino_curves_01, eino_curves_02,
          basic_altar, minmay_parallelograms, minmay_vboxes
D:3:      layout_rooms, serial_corexii_hall, corexii_hall_statues_u,
          chequers_hall_statues_y, biasface_ghost_orc_armoury
D:4:      layout_gridville, mainiacjoe_overflow_alcove_3, portal_sewer_entry_d,
          minmay_misc_feat_more_columns, chequers_serial_rivers_small_a,
          serial_library_hellmonk_h_bend, chequers_serial_rivers_small_b,
          st_stairs_1

Skill      XL: |  1  2  3  4  5  6  7 |
---------------+----------------------+-----
Fighting       | 4 5 6 7 8 |  8.3
Armour         | |  2.1
Dodging        | |  1.1
Unarmed Combat | |  3.2

Action                     |  1- 3 |  4- 6 |  7- 9 || total
---------------------------+-------+-------+-------++-------
  Melee: Unarmed           |    25 |       |       ||    25
         Kick              |    26 |    37 |     7 ||    70
         Peck              |    17 |    24 |     4 ||    45
         Short sword       |    64 |   132 |    40 ||   236
         Punch             |     1 |     2 |       ||     3
    Use: Potion            |     6 |     1 |     3 ||    10
   Stab: Sleeping          |     1 |       |       ||     1
         Invisible         |       |       |     6 ||     6
 Armour: Leather armour    |    37 |    87 |     9 ||   133
         Skin              |       |       |    26 ||    26
  Dodge: Dodged            |    55 |    82 |    10 ||   147
